Map: Gresvan LE

Players

PaintBrush

  • Race: Terran Terran
  • League: Diamond
  • Spawn Location: 5:00

Obvi - Winner!

  • Race: Zerg Zerg
  • League: Diamond
  • Spawn Location: 11:00

VOD

Have the link to the VOD?

Description

Time

  • Played on: July 28, 2023, 9:48 p.m.
  • Length: 13:47
Show
View Real Time Build Order
Export as new Build Order

PaintBrush Terran 

Build Orders: Reaper Expand 

Get SALT Encoding   

  12  0:00  SCV  
  13  0:12  SCV  
  14  0:17  Supply Depot  
  14  0:24  SCV  
  15  0:39  SCV  
  15  0:40  Barracks  
  16  0:43  Refinery  
  16  0:51  SCV  
  17  1:03  SCV  
  18  1:15  SCV  
  19  1:28  Orbital Command, Reaper  
  20  1:40  Command Center  
  21  1:54  Supply Depot, SCV  
  21  1:59  Marine  
  22  2:06  SCV  
  23  2:18  SCV  
  23  2:22  Barracks Reactor  
  24  2:30  SCV  
  25  2:38  Command Center  
  25  2:43  SCV  
  26  2:55  SCV  
  27  2:58  Engineering Bay, Barracks  
  27  3:01  Barracks  
  27  3:03  Orbital Command  
  27  3:07  Marine  
  27  3:10  Marine  
  29  3:14  SCV  
  30  3:22  Bunker  
  30  3:31  Refinery  
  30  3:34  Marine x2  
  32  3:46  SCV x2  
  34  3:52  Supply Depot  
  34  3:53  Barracks Tech Lab, Marine x2  
  36  3:59  SCV x2  
  38  4:04  Marine  
  38  4:07  Terran Infantry Weapons Level 1  
  39  4:19  Marine x2  
  39  4:20  Stimpack  
  39  4:21  Marine  
  42  4:26  SCV  
  42  4:30  Orbital Command  
  43  4:35  Barracks Reactor  
  43  4:39  Factory  
  43  4:42  SCV  
  44  4:48  SCV  
  44  4:52  Marine x2  
  47  4:54  SCV  
  48  5:00  Marine  
  48  5:03  SCV x2  
  51  5:10  Marine  
  52  5:15  Marine x3  
  52  5:16  SCV  
  52  5:17  SCV  
  52  5:18  Refinery  
  52  5:20  Refinery  
  56  5:22  Engineering Bay  
  56  5:24  Factory Reactor  
  56  5:26  Starport  
  56  5:27  Armory  
  56  5:29  SCV x2  
  56  5:30  SCV  
  59  5:38  Supply Depot, Marine x3  
  59  5:39  Marine  
  59  5:40  Marine  
  64  5:43  SCV  
  65  5:51  Terran Infantry Armor Level 1  
  65  5:56  Marine, SCV  
  65  5:57  SCV  
  68  6:02  Supply Depot, Marine x2  
  68  6:03  Marine  
  72  6:05  Orbital Command  
  72  6:09  SCV  
  72  6:11  Medivac x2, Combat Shield  
  72  6:15  SCV  
  72  6:16  Factory Tech Lab  
  77  6:23  SCV  
  77  6:25  Supply Depot  
  78  6:27  Terran Infantry Weapons Level 2, SCV  
  78  6:30  SCV  
  80  6:35  SCV  
  80  6:36  Supply Depot x2  
  80  6:39  Marine x3, SCV  
  85  6:47  Siege Tank, SCV x2  
  89  6:50  Supply Depot  
  89  6:51  SCV  
  89  6:53  Medivac  
  93  6:57  Marine x5  
  93  6:59  SCV  
  93  7:00  SCV  
  100  7:01  Refinery  
  100  7:15  Marine  
  83  7:16  Marine x4  
  83  7:19  Siege Tank  
  83  7:22  SCV x2  
  88  7:26  Medivac  
  88  7:28  SCV  
  91  7:33  Marine  
  91  7:34  Marine x4, SCV  
  97  7:40  Medivac  
  99  7:45  SCV x2  
  99  7:50  Marine  
  99  7:51  Siege Tank  
  105  7:52  Marine x3  
  105  7:53  SCV  
  105  7:55  Sensor Tower  
  105  7:56  Medivac  
  105  7:57  SCV x2  
  113  8:04  Terran Infantry Armor Level 2, Supply Depot  
  113  8:05  SCV  
  114  8:09  Marauder, SCV  
  117  8:19  Barracks  
  117  8:20  Barracks  
  117  8:21  Barracks  
  117  8:24  Refinery  
  117  8:25  Marine x4, SCV x3  
  124  8:27  Supply Depot  
  124  8:28  Supply Depot  
  124  8:31  Marine  
  125  8:49  Siege Tank, Marine x3, Medivac  
  125  8:51  Marine x2  
  125  8:54  Medivac  
  132  9:19  Medivac  
  132  9:21  Siege Tank  
  129  9:29  Marine x2  
  129  9:30  Marine  
  101  9:46  Marine  
  101  9:47  Marine x2  
  101  9:48  Medivac  
  101  9:49  Medivac  
  108  9:53  Barracks Reactor x2, Siege Tank  
  108  9:54  Barracks Reactor  
  108  9:56  Marine x2  
  113  10:04  Marine  
  113  10:05  Marine x2  
  116  10:07  Terran Infantry Weapons Level 3  
  116  10:12  Barracks  
  116  10:13  Barracks  
  116  10:14  Marine x2  
  116  10:15  Command Center, Barracks  
  118  10:21  Marine  
  118  10:22  Marine  
  118  10:23  Marine  
  118  10:25  Command Center  
  121  10:30  Command Center  
  121  10:32  Marine x2  
  115  10:39  Marine  
  106  10:44  Marine x7  
  106  10:45  Medivac, Siege Tank  
  106  10:47  Marine  
  106  10:49  Marine  
  116  10:50  Marine  
  116  10:54  Sensor Tower  
  118  10:57  Marine  
  118  11:01  Marine  
  118  11:02  Factory, Marine x2  
  122  11:10  Barracks Reactor  
  122  11:11  Barracks Reactor x2  
  122  11:19  Marine x4  
  122  11:20  Siege Tank  
  122  11:23  Medivac x2  
  133  11:31  Marine x6  
  141  11:32  Marauder  
  137  11:40  Marine x2  
  137  11:41  Planetary Fortress  
  137  11:45  Orbital Command  
  135  11:52  Factory Tech Lab, Siege Tank  
  140  11:54  Marauder  
  140  11:58  Planetary Fortress  
  140  12:00  SCV x2  
  142  12:02  SCV  
  143  12:12  Marine x2, SCV x2  
  146  12:15  Marauder  
  146  12:20  Marine  
  146  12:21  Marine x10, Siege Tank  
  146  12:22  Medivac  
  162  12:24  Siege Tank  
  131  12:30  Marine x2  
  131  12:34  SCV  
  131  12:35  SCV  
  127  12:39  SCV x2  
  128  12:45  Marine x3  
  128  12:46  Marine x3  
  133  12:53  Siege Tank, SCV x3  
  133  12:54  SCV x2  
  133  12:55  Marine  
  133  12:56  Marine x2  
  137  13:04  Marine  
  137  13:05  Marine x2, Siege Tank, SCV  
  143  13:06  SCV  
  144  13:16  Marine  
  145  13:21  SCV x2  
  145  13:24  Command Center  
  145  13:25  Marine x13  
  160  13:31  Supply Depot  
Show
View Real Time Build Order
Export as new Build Order

Obvi Zerg - Winner!

Build Orders: Hatch First 

Get SALT Encoding   

  12  0:00  Drone  
  13  0:12  Overlord  
  13  0:17  Drone  
  14  0:31  Drone x2  
  16  0:36  Drone  
  17  0:56  Hatchery, Drone  
  17  0:58  Drone  
  18  1:11  Extractor  
  18  1:13  Spawning Pool  
  18  1:15  Drone  
  17  1:19  Drone  
  18  1:28  Drone  
  19  1:40  Overlord  
  19  1:50  Drone  
  20  2:00  Queen  
  22  2:02  Zergling x2  
  23  2:08  Queen  
  23  2:09  Zergling x2  
  26  2:15  Metabolic Boost  
  26  2:17  Drone  
  27  2:23  Drone x2  
  29  2:34  Drone  
  29  2:36  Hatchery  
  29  2:40  Drone  
  29  2:52  Drone x3  
  29  2:54  Overlord  
  29  2:57  Queen  
  34  3:04  Drone  
  35  3:09  Overlord  
  35  3:16  Overlord  
  35  3:18  Overlord  
  35  3:19  Drone x3  
  38  3:21  Drone  
  39  3:28  Drone x3  
  39  3:29  Drone  
  43  3:45  Drone x2  
  45  3:49  Drone  
  46  3:59  Drone x2  
  46  4:01  Drone x3  
  51  4:06  Evolution Chamber, Lair  
  51  4:08  Extractor, Drone x6  
  55  4:13  Drone x2  
  57  4:22  Overlord  
  57  4:25  Overlord  
  57  4:27  Drone  
  58  4:41  Evolution Chamber  
  58  4:42  Baneling Nest  
  56  4:45  Queen  
  56  4:46  Queen  
  56  4:47  Drone  
  56  4:49  Zerg Melee Weapons Level 1  
  56  4:51  Extractor  
  59  5:01  Drone x2  
  61  5:12  Drone  
  62  5:15  Drone x3  
  62  5:17  Drone  
  66  5:36  Drone  
  66  5:37  Zergling x2  
  66  5:38  Zergling x26, Hatchery  
  66  5:42  Zerg Ground Armor Level 1  
  80  5:47  Centrifugal Hooks  
  80  5:48  Hatchery  
  80  5:49  Overlord, Hatchery  
  78  5:50  Overlord, Hatchery  
  78  5:54  Overseer  
  77  6:05  Zergling x8  
  77  6:08  Drone x2  
  77  6:11  Drone  
  84  6:22  Drone  
  84  6:24  Drone  
  84  6:25  Drone x6  
  91  6:27  Hatchery  
  91  6:30  Zergling x4  
  91  6:31  Infestation Pit  
  92  6:40  Zergling x8  
  92  6:43  Overlord x4  
  92  6:44  Baneling  
  92  6:45  Baneling x8  
  92  6:46  Zergling x2  
  97  6:56  Zergling x12  
  100  7:06  Zergling x2  
  100  7:07  Zergling x8  
  88  7:24  Zergling x2  
  88  7:25  Zergling x12  
  88  7:28  Zergling x10  
  99  7:38  Baneling x6  
  97  7:47  Baneling x2  
  97  7:48  Baneling x6  
  97  7:49  Hive  
  97  7:51  Zerg Melee Weapons Level 2  
  97  7:55  Extractor x2  
  97  7:57  Extractor  
  97  7:58  Extractor, Drone x2  
  94  7:59  Extractor, Drone x3  
  94  8:04  Drone  
  94  8:05  Drone x2  
  100  8:06  Drone x3  
  100  8:07  Drone x6  
  100  8:08  Drone x4  
  114  8:12  Drone  
  114  8:13  Drone x2  
  114  8:14  Drone x2  
  114  8:17  Drone  
  114  8:18  Drone x3  
  122  8:29  Zergling x10  
  127  8:42  Zergling x24  
  127  8:47  Zergling x10  
  127  8:48  Zergling x4  
  146  8:49  Zergling x2  
  146  8:55  Zergling x6  
  150  8:59  Zergling x2  
  149  9:06  Zergling x2  
  149  9:07  Zergling x6  
  152  9:14  Zergling x4  
  128  9:24  Zergling x2  
  128  9:25  Zergling x8  
  128  9:26  Zergling x10  
  122  9:32  Drone x2  
  122  9:33  Drone  
  122  9:38  Zergling x10  
  127  9:44  Zergling x10  
  123  9:48  Baneling x8  
  123  9:52  Queen, Drone  
  119  9:53  Queen x2  
  125  10:05  Zerg Ground Armor Level 2  
  125  10:07  Pathogen Glands  
  125  10:11  Ultralisk Cavern, Zergling x10  
  125  10:12  Zergling x12, Baneling x6  
  125  10:13  Baneling x4  
  135  10:27  Overlord x11  
  119  10:36  Zergling x2  
  119  10:41  Zergling x2  
  119  10:42  Zergling x2  
  113  10:43  Zergling x2  
  113  10:44  Zergling x30  
  123  10:50  Zergling x14  
  123  10:51  Zergling x16  
  123  10:55  Zerg Melee Weapons Level 3  
  123  10:56  Adrenal Glands  
  138  10:58  Chitinous Plating  
  138  11:07  Spore Crawler  
  138  11:09  Zergling x24, Spine Crawler x2  
  138  11:10  Zergling x2  
  148  11:13  Baneling x23  
  148  11:14  Baneling x2  
  148  11:15  Overlord x3  
  148  11:16  Zergling x2  
  148  11:17  Zergling x12  
  148  11:18  Overseer  
  155  11:27  Zergling x18  
  155  11:28  Zergling x2  
  164  11:42  Swarm Host  
  164  11:43  Zergling x22  
  164  11:44  Zergling x6  
  180  12:00  Ultralisk x2  
  180  12:01  Ultralisk  
  198  12:02  Baneling x5  
  198  12:03  Baneling x8  
  198  12:04  Baneling  
  198  12:05  Baneling x2  
  198  12:06  Baneling x3  
  195  12:17  Zergling x2, Anabolic Synthesis  
  190  12:29  Zergling x4  
  154  12:35  Zergling x4, Ultralisk  
  154  12:36  Ultralisk x3  
  163  12:45  Zergling x2  
  163  12:46  Zergling x18  
  173  12:52  Zergling x2  
  173  12:54  Zergling x2  
  173  12:55  Zergling x28  
  189  13:03  Ultralisk  
  195  13:22  Baneling x9  
  195  13:23  Baneling x16  
  195  13:24  Baneling x8  
  195  13:25  Baneling x5  
  195  13:33  Spine Crawler, Spore Crawler  
  197  13:34  Spine Crawler  
Tags
 
Add a new tag
Caveats
  • Supply blocks, unpowered buildings, or Contaminate may cause inaccurate times.
  • Supply counts are checked every 10 seconds.